 Dungeon Crawl Stone Soup version 0.17-a0-1840-g87820a2 (webtiles) character file.

31 shakdrar the Conjurer (level 3, -1/19 HPs)
             Began as a Deep Elf Conjurer on Sept 16, 2015.
             Slain by Robin
             ... wielding a +4 club
              (4 damage)
             ... on level 3 of the Dungeon.
             The game lasted 00:05:30 (1319 turns).

shakdrar the Conjurer (Deep Elf Conjurer)           Turns: 1319, Time: 00:05:30

Health: -1/19      AC:  3    Str:  6    XL:     3   Next: 7%
Magic:  2/10       EV: 13    Int: 19    God:
Gold:   78         SH:  0    Dex: 15    Spells: 2 memorised, 6 levels left

rFire  . . .     SeeInvis .     e - +3 spear
rCold  . . .     Clarity  .     a - +0 robe
rNeg   . . .     SustAt   .     (no shield)
rPois  +         Gourm    .     (no helmet)
rElec  .         Spirit   .     g - +0 cloak (curse)
rCorr  .         Warding  .     (no gloves)
rMut   .         Stasis   .     (no boots)
MR     .....                    (no amulet)
Stlth  ++........               (no ring)
                                f - ring of poison resistance

@: not resistant to hostile enchantments, unstealthy
A: no striking features
a: no special abilities


You were on level 3 of the Dungeon.
You were not hungry.

You visited 1 branch of the dungeon, and saw 3 of its levels.

You collected 78 gold pieces.

Inventory:

Hand weapons
 e - a +3 spear (weapon)
Armour
 a - a +0 robe (worn)
 g - a cursed +0 cloak (worn)
Jewellery
 f - a ring of poison resistance (left hand)
 i - a +5 ring of dexterity {unknown}
Scrolls
 d - 6 scrolls of identify
Potions
 h - a potion of curing
Books
 b - a book of Conjurations

   Spells                             Type                      Level
   a - Magic Dart                     Conjuration                  1
   b - Searing Ray                    Conjuration                  2
   c - Dazzling Spray                 Conjuration/Hexes            3
   d - Fulminant Prism                Conjuration/Hexes            4
   e - Iskenderun's Mystic Blast      Conjuration                  4
   f - Iskenderun's Battlesphere      Conjuration/Charms           5
Comestibles
 c - 2 bread rations


   Skills:
 - Level 2.4 Dodging
 - Level 2.4 Stealth
 + Level 3.5 Spellcasting
 * Level 5.2 Conjurations


You had 6 spell levels left.
You knew the following spells:

 Your Spells              Type           Power        Failure   Level  Hunger
a - Magic Dart            Conj           ###.         1%          1    None
b - Searing Ray           Conj           ###...       2%          2    ##.....


Dungeon Overview and Level Annotations

Branches:
Dungeon (3/15)

Altars:
Okawaru

Annotations:
D:2 Sigmund
D:3 Robin


Message History

Aim: a goblin (consumed by blood-lust)
The magic dart hits the goblin.
You kill the goblin!
Casting: Magic Dart
Confirm with . or Enter, or press ? or * to list all spells.
Aiming: Magic Dart
Press: ? - help, Shift-Dir - straight line, f - Robin
Aim: Robin, wielding an enchanted club, wearing an animal skin and wearing a helmet The magic dart hits Robin.
Robin is moderately wounded.
Robin closely misses you.
Casting: Magic Dart
Confirm with . or Enter, or press ? or * to list all spells.
Aiming: Magic Dart
Press: ? - help, Shift-Dir - straight line, f/p - Robin
Aim: Robin, wielding an enchanted club, wearing an animal skin and wearing a helmet (moderately wounded)
The magic dart hits Robin.
Robin is moderately wounded.
Robin hits you with an enchanted club.
You die...

# ######.##
#######........
#<.............
#.#####.###...
#.# #.# #.# #)#
#.# #@########
#.. #g#..[....
### #....#
#(<#......
##.....##.
..)......
....#..##.
....##..#
####.# .#


You could see Robin.

Vanquished Creatures
  A worm (D:2)
  4 bats
  A giant cockroach (D:2)
  A hobgoblin (D:1)
  2 jackals (D:2)
  8 goblins
  4 kobolds
  A quokka (D:2)
  7 rats (D:1)
29 creatures vanquished.

Notes
Turn   | Place    | Note
--------------------------------------------------------------
     0 | D:1      | shakdrar the Deep Elf Conjurer began the quest for the Orb.
     0 | D:1      | Reached XP level 1. HP: 10/10 MP: 6/6
   460 | D:1      | Reached XP level 2. HP: 13/15 MP: 1/8
   990 | D:2      | Reached skill level 5 in Conjurations
  1122 | D:2      | Found an iron altar of Okawaru.
  1142 | D:2      | Learned a level 2 spell: Searing Ray
  1153 | D:2      | Noticed Sigmund
  1307 | D:2      | Noticed Robin
  1315 | D:3      | Reached XP level 3. HP: 3/19 MP: 6/10
  1319 | D:3      | Slain by Robin

Vault maps used:
D:1:      dpeg_arrival_ratfight
D:2:      okawaru_ov_weapons_minmay, first_bread, yredelemnul_altar_generic,
          uniq_robin, uniq_sigmund
D:3:      grunt_decor_one_mirror, minmay_item_behind_shaft

Action                   || total
-------------------------++-------
 Cast: Magic Dart        ||    48
  Use: Scroll            ||     4
       Potion            ||     2
  Eat: Chunk             ||     1
